 Dungeon Crawl Stone Soup version 0.28-a0-258-g8de209e91f (webtiles) character file.

Game seed: 9671390251349318697

20 voltaire321 the Slasher (level 2, 0/15 HPs)
             Began as a Vine Stalker Gladiator on Aug 27, 2021.
             Slain by an endoplasm (2 damage)
             ... on level 2 of the Dungeon.
             The game lasted 00:02:24 (1183 turns).

voltaire321 the Slasher (Vine Stalker Gladiator)    Turns: 1183, Time: 00:02:25

Health: 0/15       AC:  6    Str: 16    XL:     2   Next: 79%
Magic:  0/3        EV: 11    Int:  8    God:
Gold:   83         SH:  0    Dex: 15    Spells: 1/1 levels left

rFire   . . .      SeeInvis .   a - +0 long sword
rCold   . . .      Faith    .   (no shield)
rNeg    . . .      Spirit   +   k - +0 ring mail
rPois   .          Reflect  .   c - +0 helmet
rElec   .          Harm     .   (no cloak)
rCorr   .          Rampage  .   (no gloves)
Will    .....                   (no boots)
Stlth   +.........              (no amulet)
HPRegen 0.05/turn               (no ring)
MPRegen 0.08/turn               (no ring)

@: no status effects
A: fangs 2, magic shield, antimagic bite, no potion heal 2
a: no special abilities


You were on level 2 of the Dungeon.
You visited 1 branch of the dungeon, and saw 2 of its levels.

You collected 83 gold pieces.

Inventory:

Hand Weapons
 a - a +0 long sword (weapon)
Missiles
 d - 3 throwing nets (quivered)
Armour
 b - a +0 leather armour
 c - a +0 helmet (worn)
 k - a +0 ring mail (worn)
Jewellery
 l - a ring of willpower
Scrolls
 f - a scroll of fog {unknown}
 g - 3 scrolls of enchant weapon {unknown}
 h - a scroll of identify {unknown}
 i - a scroll of fear {unknown}
 j - 2 scrolls of enchant armour {unknown}
 m - a scroll of noise {unknown}
Potions
 e - a potion of haste {unknown}


   Skills:
 + Level 1.8 Fighting
 + Level 3.0 Long Blades
 + Level 1.9 Throwing
 + Level 0.7 Armour
 + Level 2.6 Dodging


You had one spell level left.
You didn't know any spells.
Your spell library was empty.

Dungeon Overview and Level Annotations

Branches:
Dungeon (2/15)

Altars:
Ru


Innate Abilities, Weirdness & Mutations

You have extremely sharp teeth.
When hurt, damage is shared between your health and your magic reserves.
Your bite disrupts and absorbs the magic of your enemies.
Potions cannot restore your health.


Message History

You climb downwards.
Found 13 gold pieces and a barding.
Found a sacrificial altar of Ru.
There is a stone staircase leading up here.
You closely miss the rat. The rat barely misses you. x2
You slash the rat!
You kill the rat!
A goblin comes into view. It is wielding a +0 dagger.
Found 14 poisoned darts.
You see here a rat corpse.
The goblin hits you with a +0 dagger. The goblin completely misses you.
You riposte.
You slash the goblin!
You kill the goblin!
Your Long Blades skill increases to level 3!
You now have 83 gold pieces (gained 13).
An endoplasm comes into view.
The endoplasm quivers.
Things that are here:
a +0 dagger; a goblin corpse The endoplasm jiggles.
The endoplasm hits you. The endoplasm misses you. The endoplasm freezes you.
You are frozen.
The endoplasm hits you but does no damage.
The endoplasm hits you but does no damage.
The endoplasm freezes you.
You are frozen.
The endoplasm jiggles.
The endoplasm hits you but does no damage.
The endoplasm freezes you.
You are frozen.
* * * LOW HITPOINT WARNING * * *
The endoplasm freezes you.
You are frozen.
* * * LOW HITPOINT WARNING * * *
The endoplasm freezes you.
You are frozen.
* * * LOW HITPOINT WARNING * * *
The endoplasm hits you.
You die...

#######
.....<##################
#####....†...)..@J......
........##.............#
####..[..#.###########.#
#.....#.# #.._..#.#
#......(# #.......#
###..##.#


You could see an endoplasm.

Vanquished Creatures
  2 giant cockroaches (D:1)
  2 goblins
  2 hobgoblins (D:1)
  2 kobolds (D:1)
  5 ball pythons (D:1)
  2 bats (D:1)
  A frilled lizard (D:1)
  3 rats
19 creatures vanquished.

Vanquished Creatures (others)
  A demonic plant (D:1)
  A withered plant (D:1)
2 creatures vanquished.

Grand Total: 21 creatures vanquished

Notes
Turn   | Place    | Note
-------+----------+-------------------------------------------
     0 | D:1      | voltaire321 the Vine Stalker Gladiator began the quest for
                  | the Orb.
     0 | D:1      | Reached XP level 1. HP: 11/11 MP: 2/2
    23 | D:1      | Found a faded altar of an unknown god.
   458 | D:1      | Reached XP level 2. HP: 8/15 MP: 1/3
  1154 | D:2      | Found a sacrificial altar of Ru.
  1165 | D:2      | Reached skill level 3 in Long Blades
  1183 | D:2      | Slain by an endoplasm

Illustrated notes

Levels and vault maps discovered:
D:1:      tarquinn_simple_flora_water_a, layout_rooms,
          shapermc_ecumenical_altar_gd
D:2:      layout_loops_ring, basic_altar

Skill      XL: |  1  2 |
---------------+-------+-----
Long Blades    | 3 |  3.0
Fighting       | |  1.8
Throwing       | |  1.9
Armour         | |  0.7
Dodging        | |  2.6

Action                   || total
-------------------------++-------
Melee: Long sword        ||    50
       Bite              ||    16
Armor: Leather armour    ||     8
       Ring mail         ||    11
Dodge: Dodged            ||    43
       Rpst.: Long sword ||    11

Table legend: (Time is in decaauts)
 A = Elapsed time spent in this place.
 B = Non-inter-level travel time spent in this place.
 C = Inter-level travel time spent in this place.
 D = Time resting spent in this place.
 E = Time spent auto-exploring this place.
 F = Levels seen in this place.
 G = Mean time per level.
                   A        B        C        D        E       F      G
               +--------+--------+--------+--------+--------+-----+--------+
         Total |   1195 |   1163 |     32 |    281 |    638 |   2 |  597.5 |
       Dungeon |   1195 |   1163 |     32 |    281 |    638 |   2 |  597.5 |
               +--------+--------+--------+--------+--------+-----+--------+

Top non-repeatable levels by time:
     D:1: 1166 daAuts
     D:2: 29 daAuts
